 Dungeon Sprint DCSS version 0.24.0-13-gcf9b319 (webtiles) character file.

Game seed: 6204840090894752110, levelgen mode: deterministic

7847 Fang the Fighter (level 11, -8/117 HPs)
             Began as a Gargoyle Berserker on Dec 10, 2019.
             Was the Champion of Trog.
             Mangled by a large abomination (22 damage)
             ... summoned by Qaim
             ... in the Dungeon (Sprint V: "Ziggurat Sprint").
             The game lasted 00:03:39 (840 turns).

Fang the Fighter (Gargoyle Berserker)                Turns: 840, Time: 00:03:39

Health: -8/117     AC: 35    Str: 42    XL:     11   Next: 21%
Magic:  8/11       EV:  8    Int:  7    God:    Trog [******]
Gold:   0          SH: 32    Dex:  9    Spells: 10/10 levels left

rFire    . . .     SeeInvis .   a - +5 broad axe (flame)
rCold    . . .     Gourm    .   E - +18 shield of the Gong {rElec rN+ MR+ EV-5}
rNeg     + + .     Faith    .   b - +15 Maxwell's patent armour {-Cast -Tele rElec MR+ rCorr}
rPois    ∞         Spirit   .   (no helmet)
rElec    +         Reflect  .   (no cloak)
rCorr    +         Harm     .   (no gloves)
MR       ++...     NoTele   +   y - -5 pair of boots "Naud" {Slay+4} (curse) Stlth ..........NoCast +
                                (no amulet)
HPRegen  0.29/turn              D - +6 ring of strength
MPRegen  0.12/turn              C - +6 ring of strength

@: berserking, slowed
A: negative energy resistance 1, electricity resistance, unbreathing,
petrification resistance, rot immunity, AC +8
a: Berserk, Trog's Hand, Brothers in Arms, Renounce Religion


You were in the Dungeon.
You worshipped Trog.
Trog was exalted by your worship.
You were very hungry.

You visited 1 branch

Inventory:

Hand Weapons
 a - a +5 broad axe of flaming (weapon)
Armour
 b - the +15 Maxwell's patent armour (worn) {-Cast -Tele rElec MR+ rCorr}
   (You found it in the Dungeon)

   It insulates you from electricity.
   It affects your resistance to hostile enchantments.
   It prevents spellcasting.
   It prevents most forms of teleportation.
   It provides partial protection from all sources of acid and corrosion.
 y - the cursed -5 pair of boots "Naud" (worn) {Slay+4}
   (You found it in the Dungeon)

   It affects your accuracy and damage with ranged weapons and melee attacks
   (+4).
   It has a curse placed upon it.
 E - the +18 shield of the Gong (worn) {rElec rN+ MR+ EV-5}
   (You found it in the Dungeon)

   It affects your evasion (-5).
   It insulates you from electricity.
   It protects you from negative energy.
   It affects your resistance to hostile enchantments.
Jewellery
 o - the ring of Egoseo {rPois rN+ Str+2}
   (You found it in the Dungeon)

   [ring of poison resistance]

   It affects your strength (+2).
   It protects you from poison.
   It protects you from negative energy.
 x - the ring "Utiups" {MR+ Int+4}
   (You found it in the Dungeon)

   [ring of protection from magic]

   It affects your intelligence (+4).
   It affects your resistance to hostile enchantments.
 C - a +6 ring of strength (right hand)
 D - a +6 ring of strength (left hand)
Wands
 u - a wand of disintegration (7)
 v - a wand of iceblast (7)
 w - a wand of acid (7)
Scrolls
 i - 4 scrolls of blinking
 j - 8 scrolls of fog
 k - a scroll of holy word
 l - 5 scrolls of identify
 m - 5 scrolls of remove curse
 n - 2 scrolls of fear
Potions
 d - 10 potions of curing
 e - 10 potions of heal wounds
 f - 6 potions of haste
 h - 3 potions of berserk rage
 p - 2 potions of invisibility
 q - 4 potions of resistance
 r - a potion of experience
 s - 5 potions of agility
 t - 5 potions of might
Comestibles
 c - 6 rations
 g - 10 chunks of flesh


   Skills:
 + Level 13.4 Fighting
 + Level 11.5 Axes
 + Level 13.3 Armour
 + Level 10.5 Dodging
 + Level 12.3 Shields


You had 10 spell levels left.
You didn't know any spells.
Your spell library was empty.

Dungeon Overview and Level Annotations

Branches:
Dungeon (1/1)

Altars:
Ashenzari
Cheibriados
Dithmenos
Elyvilon
Fedhas
Gozag
Hepliaklqana
Kikubaaqudgha
Makhleb
Nemelex Xobeh
Okawaru
Qazlal
Ru
Sif Muna
Trog
Uskayaw
Vehumet
Wu Jian
Xom
Yredelemnul
Zin
The Shining One
Beogh
Jiyva
Lugonu

Annotations:
D 1 transporter


Innate Abilities, Weirdness & Mutations

You are resistant to torment.
Your stone body is resilient. (AC +8)
You are immune to poison.
You resist negative energy. (rN+)
You are resistant to electric shocks. (rElec)
You can survive without breathing.
You are immune to petrification.
You are immune to rotting.


Message History

BONNNG!
Qaim hits you but does no damage. You block the orange demon's attack.
GONNNNG!
You block Loxton's attack.
BONNNG!
The orange demon stings you but does no damage.
The orange demon hits you but does no damage.
The hellwing hits you but does no damage. x2
You miss Loxton.
Loxton is severely wounded.
You slice the large abomination!! You burn the large abomination!
You hit Qaim but do no damage. You closely miss the hellwing.
You hit the orange demon. You burn the orange demon.
You hit the large abomination. You burn the large abomination.
You block Qaim's attack.
PANG!
You block Loxton's attack.
GONNNNG!
The large abomination hits you!!
You die...

▓▓▓▓▓▓▓▓▓▓▓▓▓▓▓▓▓▓▓
▓...8©8...▓...8©8...▓
▓..})[::..▓..))[|)..▓
▓..}|}})..▓...)).|..▓
▓.........▓.........▓
▓.........▓.........▓
▓..4§.....▓.........▓
▓..X&X....▓.........▓
▓..4@&....▓...†÷÷...▓
▓.▓.4X..▓.▓...†©....▓
▓....©....▓▓▓▓▓▓▓▓▓▓▓
▓▓▓▓▓▓▓▓▓▓▓


You could see Loxton, Qaim, 2 orange demons, 3 large abominations and a
hellwing.

Vanquished Creatures
  2 thrashing horrors (D)
  A deep elf knight (D)
  2 large abominations (D)
  A deep elf mage (D)
  2 ugly things (D)
  4 toenail golems (D)
  A black mamba (shapeshifter) (D)
  A spiny frog (D)
  3 hellwings (D)
  2 ynoxinuls (D)
  2 air elementals (D)
  3 chaos spawn (D)
  2 neqoxecs (D)
  A hell hound (D)
  A water moccasin (D)
  A porcupine (D)
  A necrophage (D)
  3 wolves (D)
  A big kobold (shapeshifter) (D)
  3 earth elementals (D)
  A wight (D)
  2 crimson imps (D)
  3 quasits (D)
  4 iron imps (D)
  2 iguanas (D)
  A river rat (D)
  A white imp (D)
  2 ufetubi (D)
  An adder skeleton (D)
  A bat skeleton (D)
  A jackal (D)
  A ball python (D)
  A ball python skeleton (D)
  A quokka skeleton (D)
59 creatures vanquished.

Vanquished Creatures (others)
  Josephine (D)
  Erica (D)
  A dancing weapon (D)
  A deep elf mage (D)
  Grinder (D)
  Edmund (D)
  Dowan (D)
  Jessica (D)
8 creatures vanquished.

Grand Total: 67 creatures vanquished

Notes
Turn   | Place    | Note
-------+----------+-------------------------------------------
     0 | D        | Fang the Gargoyle Berserker began the quest for the Orb.
     0 | D        | Reached XP level 1. HP: 14/14 MP: 1/1
     0 | D        | Found a blossoming altar of Fedhas.
     1 | D        | Found the +6 Majin-Bo {vamp, Archmagi MP+6 Int+6}
     1 | D        | Found the +7 great mace "Firestarter" {inner flame, rF++}
     2 | D        | Found a viscous altar of Jiyva.
     2 | D        | Found a transporter.
     2 | D        | Found a hazy altar of Hepliaklqana.
     2 | D        | Found an ancient bone altar of Kikubaaqudgha.
     2 | D        | Found an opulent altar of Gozag.
     2 | D        | Found a corrupted altar of Lugonu.
    17 | D        | Found a burning altar of Makhleb.
    19 | D        | Found a stormy altar of Qazlal.
    19 | D        | Found an iron altar of Okawaru.
    19 | D        | Found a sacrificial altar of Ru.
    19 | D        | Found a sparkling altar of Nemelex Xobeh.
    19 | D        | Found a shimmering blue altar of Sif Muna.
    19 | D        | Found a bloodstained altar of Trog.
    26 | D        | Found the +9 heavy crossbow "Sniper" {velocity, Acc+∞ SInv}
    26 | D        | Found the +10 dark maul {crush}
    26 | D        | Found the +15 Maxwell's patent armour {-Cast -Tele rElec
                  | MR+ rCorr}
    26 | D        | Found the +18 shield of the Gong {rElec rN+ MR+ EV-5}
    26 | D        | Found the cursed +14 obsidian axe {chop, +Fly SInv *Curse}
    63 | D        | Killed Dowan
    77 | D        | Killed Jessica
    79 | D        | Entered arena 2.
    79 | D        | Noticed a water moccasin
    79 | D        | Found a transporter.
    87 | D        | Killed a water moccasin
    87 | D        | Reached skill level 5 in Fighting
    87 | D        | Reached skill level 5 in Armour
    87 | D        | Reached XP level 2. HP: 22/22 MP: 2/2
    87 | D        | Reached XP level 3. HP: 27/27 MP: 3/3
    87 | D        | Reached XP level 4. HP: 32/32 MP: 4/4
   139 | D        | Entered arena 3.
   139 | D        | Noticed a necrophage
   139 | D        | Found a transporter.
   143 | D        | Killed a necrophage
   143 | D        | Reached ** piety under Trog
   143 | D        | Reached skill level 5 in Axes
   143 | D        | Reached XP level 5. HP: 37/37 MP: 5/5
   148 | D        | Reached XP level 6. HP: 44/44 MP: 6/6
   156 | D        | Entered arena 4.
   156 | D        | Found a transporter.
   157 | D        | Found the +9 staff of Olgreb {rPois}
   163 | D        | Reached skill level 5 in Dodging
   164 | D        | Reached *** piety under Trog
   168 | D        | Received a gift from Trog
   172 | D        | Got the ring of Egoseo {rPois rN+ Str+2}
   174 | D        | Entered arena 5.
   174 | D        | Found a transporter.
   178 | D        | Reached **** piety under Trog
   180 | D        | Reached skill level 5 in Shields
   186 | D        | Entered arena 6.
   186 | D        | Noticed a hell hound
   186 | D        | Found a transporter.
   191 | D        | Reached ***** piety under Trog
   193 | D        | Killed a hell hound
   193 | D        | Reached XP level 7. HP: 38/50 MP: 7/7
   210 | D        | Got the cursed -5 pair of boots "Naud" {Slay+4}
   265 | D        | Entered arena 7.
   265 | D        | Noticed a neqoxec
   265 | D        | Noticed a golden eye
   265 | D        | Noticed a red ugly thing
   265 | D        | Noticed a neqoxec
   265 | D        | Noticed a yak
   265 | D        | Noticed a white ugly thing
   266 | D        | Found a transporter.
   267 | D        | Noticed a fire bat
   267 | D        | a golden eye changed into a fire bat
   274 | D        | Noticed a black mamba
   274 | D        | a yak changed into a black mamba
   275 | D        | a fire bat changed into a bullfrog
   276 | D        | Killed a black mamba
   276 | D        | Reached XP level 8. HP: 56/56 MP: 8/8
   280 | D        | Killed a red ugly thing
   282 | D        | Killed a white ugly thing
   282 | D        | Received a gift from Trog
   282 | D        | Reached skill level 10 in Fighting
   282 | D        | Reached skill level 10 in Armour
   283 | D        | Reached XP level 9. HP: 57/63 MP: 9/9
   373 | D        | Entered arena 8.
   373 | D        | Noticed a deep elf mage
   373 | D        | Noticed a deep elf knight
   373 | D        | Noticed a deep elf mage
   373 | D        | Noticed a +2 hand axe of electrocution
   374 | D        | Found a transporter.
   375 | D        | Killed a +2 hand axe of electrocution
   375 | D        | Killed a deep elf mage
   378 | D        | Killed a deep elf knight
   380 | D        | Received a gift from Trog
   383 | D        | Killed a deep elf mage
   539 | D        | Entered arena 9.
   539 | D        | Noticed a toenail golem
   539 | D        | Noticed a toenail golem
   539 | D        | Noticed a toenail golem
   539 | D        | Noticed a toenail golem
   540 | D        | Found a transporter.
   545 | D        | Killed a toenail golem
   549 | D        | Killed a toenail golem
   549 | D        | Reached skill level 10 in Shields
   551 | D        | Killed a toenail golem
   551 | D        | Reached ****** piety under Trog
   551 | D        | Reached skill level 10 in Axes
   551 | D        | Reached XP level 10. HP: 67/71 MP: 10/10
   552 | D        | Killed a toenail golem
   554 | D        | Received a gift from Trog
   564 | D        | Entered arena 10.
   564 | D        | Noticed a thrashing horror
   564 | D        | Noticed a thrashing horror
   564 | D        | Noticed a large abomination
   565 | D        | Found the +2 robe of Vines {NoPotionHeal Regen+7}
   565 | D        | Found a transporter.
   572 | D        | Killed a thrashing horror
   575 | D        | Killed a thrashing horror
   575 | D        | Received a gift from Trog
   577 | D        | Killed a large abomination
   577 | D        | Reached skill level 10 in Dodging
   584 | D        | Killed Erica
   584 | D        | Killed Edmund
   604 | D        | Killed Josephine
   649 | D        | Entered arena 11.
   649 | D        | Noticed a spiny frog
   650 | D        | Received a gift from Trog
   657 | D        | Received a gift from Trog
   658 | D        | Killed a spiny frog
   658 | D        | Reached XP level 11. HP: 64/78 MP: 11/11
   662 | D        | Found a transporter.
   679 | D        | Got the ring "Utiups" {MR+ Int+4}
   744 | D        | Killed Grinder
   819 | D        | Entered arena 12.
   820 | D        | Noticed Qaim the pandemonium lord
   820 | D        | Noticed Loxton the pandemonium lord
   821 | D        | Found the +5 robe of Night {Dark MR+ SInv}
   821 | D        | Found a transporter.
   836 | D        | Received a gift from Trog
   839 | D        | Noticed a large abomination
   839 | D        | Received a gift from Trog
   840 | D        | Mangled by a large abomination

Levels and vault maps discovered:
D:        sprint_v [room_start, room_1, room_2, room_3, room_4, room_5, room_6,
          room_7, room_8, room_9, room_10, room_11, room_12, room_13, room_14,
          room_15, room_16, room_17, room_18, room_19, room_20, room_21,
          room_22, room_23, room_24, room_25, room_26, room_27]

Skill      XL: |  1  2  3  4  5  6  7  8  9 10 11 |
---------------+----------------------------------+-----
Fighting       | 5 6 7 8 9 10 11 13 | 13.4
Axes           | 4 5 7 8 10 11 | 11.5
Armour         | 5 6 8 9 10 11 12 13 | 13.3
Dodging        | 4 6 7 9 10 | 10.5
Shields        | 2 3 5 7 8 10 11 12 | 12.3

Action                   |  1- 3 |  4- 6 |  7- 9 | 10-12 || total
-------------------------+-------+-------+-------+-------++-------
Melee: Broad axe         |     7 |    30 |    38 |    44 ||   119
Invok: Berserk           |     1 |       |     2 |     2 ||     5
  Use: Scroll            |       |       |     1 |       ||     1
  Eat: Ration            |       |       |       |     1 ||     1
Armor: Plate armour      |     1 |    45 |    25 |    46 ||   117
Dodge: Dodged            |       |    10 |     4 |    23 ||    37
Block: Shield            |    11 |    85 |    70 |   110 ||   276
